 Dungeon Crawl Stone Soup version 0.24-a0-163-g64c5a76fe2 (webtiles) character file.

Game seed: 0

25915 MirrMurr the Archer (level 12, -4/110 HPs)
             Began as a Centaur Berserker on Mar 5, 2019.
             Was a High Priest of Trog.
             Slain by a blink frog (11 damage)
             ... on level 5 of the Lair of Beasts on Mar 6, 2019.
             The game lasted 00:45:29 (19140 turns).

MirrMurr the Archer (Centaur Berserker)            Turns: 19140, Time: 00:45:29

Health: -4/110     AC: 16    Str: 24    XL:     12   Next: 93%
Magic:  12/12      EV:  8    Int:  6    God:    Trog [*****.]
Gold:   987        SH:  0    Dex: 10    Spells: 11/11 levels left

rFire    . . .     SeeInvis .   b - +1 trident (venom)
rCold    . . .     Gourm    .   (no shield)
rNeg     + . .     Faith    .   G - +0 chain mail
rPois    +         Spirit   .   q - +2 helmet
rElec    .         Reflect  .   p - +2 cloak {MR+}
rCorr    .         Harm     .   (no gloves)
MR       +++..                  (no barding)
Stlth    ..........             K - amulet of the acrobat
HPRegen  1.28/turn              x - ring of poison resistance
MPRegen  0.13/turn              F - ring of positive energy

@: lethally poisoned (-4 -> -7), marked, regenerating, very quick
A: large, hooves 3, deformed body, speed 2, tough skin 3
a: Berserk, Trog's Hand, Brothers in Arms, Renounce Religion


You were on level 5 of the Lair of Beasts.
You worshipped Trog.
Trog was extremely pleased with you.
You were very hungry.

You visited 3 branches of the dungeon, and saw 18 of its levels.

You collected 987 gold pieces.

Inventory:

Hand Weapons
 a - a +0 shortbow
 b - a +1 trident of venom (weapon)
 w - the +6 rapier of Cheibriados's Regard {freeze, SInv}
   (You took it off a crimson imp on level 5 of the Dungeon)

   It has been specially enchanted to freeze those struck by it, causing extra
   injury to most foes and up to half again as much damage against particularly
   susceptible opponents.
   It can also slow down cold-blooded creatures.
   It lets you see invisible.
Missiles
 d - 2 throwing nets (quivered) {!f}
 e - 333 arrows
Armour
 p - a +2 cloak of magic resistance (worn)
 q - a +2 helmet (worn)
 G - a +0 chain mail (worn)
Jewellery
 j - an uncursed ring of fire {unknown}
 t - an uncursed ring of stealth {unknown}
 x - a ring of poison resistance (left hand)
 E - an uncursed amulet of magic regeneration {unknown}
 F - a ring of positive energy (right hand)
 K - an amulet of the acrobat (around neck)
Wands
 f - a wand of digging (19)
 z - a wand of clouds (7)
 A - a wand of iceblast (22)
 B - a wand of paralysis (8)
 C - a wand of polymorph (36)
 J - a wand of scattershot (6)
Scrolls
 h - 11 scrolls of teleportation
 l - 2 scrolls of summoning
 r - 3 scrolls of remove curse
 v - 2 scrolls of magic mapping
 D - 4 scrolls of immolation
 H - a scroll of blinking
Potions
 g - a potion of ambrosia
 i - 5 potions of curing
 k - 2 potions of mutation
 m - 2 potions of flight
 n - a potion of invisibility
 o - 2 potions of cancellation
 s - a potion of heal wounds
 u - a potion of lignification
 I - 2 potions of might
Comestibles
 c - 24 rations


   Skills:
 * Level 11.6 Fighting
 - Level 3.7 Short Blades
 + Level 8.4 Polearms
 - Level 14.7 Bows
 + Level 6.8 Armour
 + Level 6.8 Dodging


You had 11 spell levels left.
You didn't know any spells.
Your spell library was empty.

Dungeon Overview and Level Annotations

Branches:
Dungeon (11/15)            Temple (1/1) D:4            Lair (6/6) D:9
 Shoals (0/4) Lair:3        Snake (0/4) Lair:2
  Slime: Lair:5-6       Orc: D:9-12

Altars:
Ashenzari
Cheibriados
Fedhas
Gozag
Kikubaaqudgha
Makhleb
Nemelex Xobeh
Qazlal
Sif Muna
Trog
Uskayaw
Wu Jian
Xom
The Shining One

Shops:
D:4 %(*   D:6 **:   D:7 ?   D:8 *

Annotations:
D:10 exclusion: downstairs
D:11 exclusion: orange crystal statue, Fannar
Lair:2 1 runed translucent door, spacetime's ghost, journeyman GrEE


Innate Abilities, Weirdness & Mutations

You have hooves in place of feet.
Armour fits poorly on your strangely shaped body.
You cover ground very quickly.
You have extremely tough skin. (AC +3)


Message History

You are more poisoned.
The spiny frog poisons you!
You hit the spiny frog. You kick the spiny frog.
The spiny frog is severely wounded.
You feel sick.
The blink frog sets off the alarm!
The alarm trap emits a blaring wail!
A sentinel's mark forms upon you. The spiny frog barely misses you.
You puncture the spiny frog! You kick the spiny frog.
You kill the spiny frog!
Trog accepts your kill.
You feel sick.
You miss the blink frog. Your kick misses the blink frog.
You feel sick. The blink frog hits you!
* * * LOW HITPOINT WARNING * * *
The blink frog hits you.
* * * LOW HITPOINT WARNING * * *
Your chain mail prevents you from hitting the blink frog.
You feel sick. The blink frog hits you!
You die...

.....#...#...................P.#
....#...#.#..#............#...##
....##...#.......P.#..P....#.##
.......#.....PP....####...P#.P#
..#..#......PP#...## ##.P.#.###
.............##..## #...PP...#
##.....P...>#.#..## #.......##
#.#............÷..# ##.#.....#
###.......#....F@## #.......###
..#.......#..###††######.##.....#
..###...#......P.P.##...........#
P.###..P.....(............###.#..
..##...........#...#..##.#.......
..##.P.....####...########...#...
...#P.....#.# ##.## #..##..#
#<##...##...####.P##### ##..##..#
...##............P##..# #.#..##..


You could see a blink frog.

Vanquished Creatures
  Erolcha (D:10)
  A hydra (Lair:2)
  Harold (Lair:2)
  2 two-headed ogres
  Joseph (D:9)
  Maurice (D:10)
  3 black mambas (Lair:5)
  Psyche (D:9)
  9 spiny frogs
  A gargoyle (D:10)
  3 rime drakes
  6 komodo dragons
  A hornet (D:9)
  4 trolls
  4 blink frogs
  7 hippogriffs
  2 wyverns
  A wraith (D:10)
  8 yaks
  2 vampire mosquitoes (Lair:5)
  A warg (D:11)
  2 hungry ghosts
  Edmund (D:3)
  11 water moccasins
  5 porcupines
  3 orc warriors
  3 sky beasts
  3 ice beasts
  A black bear (D:7)
  A hornet zombie (D:8)
  A necrophage (D:9)
  10 wolves
  2 phantoms
  An ogre (D:9)
  7 centaurs
  11 crocodiles
  A big kobold (D:8)
  22 bullfrogs
  4 scorpions
  A vampire bat (D:5)
  An electric eel (Lair:5)
  4 howler monkeys
  8 crimson imps
  A bullfrog zombie (D:6)
  7 jellies
  An orc priest (D:6)
  7 orc wizards
  2 bullfrog skeletons
  A centaur skeleton (D:10)
  4 hounds
  An iguana (D:4)
  6 worker ants
  A worker ant zombie (D:8)
  4 gnolls
  19 adders
  A shadow imp (D:8)
  6 oozes
  2 adder skeletons
  2 worms (D:3)
  A dart slug (D:2)
  3 fire bats (D:5)
  4 leopard geckos
  25 orcs
  2 spectral bats (D:5)
  4 ball pythons
  3 bat skeletons (D:5)
  A bat zombie (D:5)
  4 giant cockroaches
  7 hobgoblins
  18 jackals
  8 kobolds
  17 bats
  A bat simulacrum (D:5)
  6 frilled lizards
  4 goblins
  A jackal skeleton (D:4)
  A leopard gecko zombie (D:8)
  10 rats
  A fungus (Lair:3)
  A plant (Lair:4)
350 creatures vanquished.

Vanquished Creatures (collateral kills)
  A worm (D:5)
1 creature vanquished.

Vanquished Creatures (others)
  3 fungi (Lair:6)
  19 plants
22 creatures vanquished.

Grand Total: 373 creatures vanquished

Notes
Turn   | Place    | Note
-------+----------+-------------------------------------------
     0 | D:1      | MirrMurr the Centaur Berserker began the quest for the Orb.
     0 | D:1      | Reached XP level 1. HP: 19/19 MP: 1/1
   300 | D:1      | Reached XP level 2. HP: 23/26 MP: 2/2
   668 | D:1      | Reached ** piety under Trog
   948 | D:2      | Reached XP level 3. HP: 28/31 MP: 3/3
  1712 | D:3      | Found a bloodstained altar of Trog.
  1829 | D:3      | Reached XP level 4. HP: 29/38 MP: 4/4
  2281 | D:3      | Reached *** piety under Trog
  2333 | D:3      | Reached XP level 5. HP: 39/46 MP: 5/5
  2598 | D:4      | Found Kubress's Assorted Antiques.
  3091 | D:4      | Noticed Edmund
  3108 | D:3      | Killed Edmund
  3108 | D:3      | Reached XP level 6. HP: 52/52 MP: 2/6
  3266 | D:4      | Found a staircase to the Ecumenical Temple.
  3272 | Temple   | Entered the Ecumenical Temple
  3279 | D:4      | Found Liugiulo's Food Boutique.
  3311 | D:4      | Found Fyfirutz's Antique Weapon Boutique.
  3332 | D:4      | Found a hide-covered altar of Uskayaw.
  3668 | D:5      | Entered Level 5 of the Dungeon
  3728 | D:5      | Reached skill level 5 in Polearms
  3735 | D:5      | Reached **** piety under Trog
  3751 | D:5      | Reached XP level 7. HP: 51/60 MP: 2/7
  4280 | D:5      | Identified the +6 rapier of Cheibriados's Regard {freeze,
                  | SInv}
  4864 | D:5      | Found a deep blue altar of Sif Muna.
  4991 | D:6      | Reached skill level 5 in Fighting
  4991 | D:6      | Reached skill level 1 in Short Blades
  5052 | D:6      | Found Lener's Assorted Antiques.
  5072 | D:6      | Reached XP level 8. HP: 52/68 MP: 8/8
  5111 | D:6      | Reached skill level 1 in Bows
  5160 | D:6      | Found Kimekus's Assorted Antiques.
  5355 | D:6      | Found Affisme's Jewellery Shoppe.
  5359 | D:6      | Found Zekul's Book Shoppe.
  5370 | D:6      | Reached skill level 2 in Bows
  5875 | D:6      | Reached skill level 3 in Bows
  6019 | D:7      | Reached skill level 14 in Bows
  6019 | D:7      | Reached XP level 9. HP: 70/74 MP: 9/9
  6238 | D:7      | Received a gift from Trog
  6424 | D:7      | Found a shimmering altar of Xom.
  6426 | D:7      | Found a shimmering altar of Xom.
  6426 | D:7      | Found a shimmering altar of Xom.
  6428 | D:7      | Found a shimmering altar of Xom.
  6686 | D:7      | You fall through a shaft!
  6686 | D:8      | Found Meschav's Assorted Antiques.
  6730 | D:8      | Reached XP level 10. HP: 79/83 MP: 10/10
  7041 | D:8      | Noticed a two-headed ogre
  7103 | D:8      | Killed a two-headed ogre
  7163 | D:8      | Found a blossoming altar of Fedhas.
  7507 | D:8      | Found an opulent altar of Gozag.
  7507 | D:8      | Found an ancient bone altar of Kikubaaqudgha.
  7507 | D:8      | Found a snail-covered altar of Cheibriados.
  7512 | D:8      | Reached ***** piety under Trog
  7551 | D:8      | Found a stormy altar of Qazlal.
  7551 | D:8      | Found a sparkling altar of Nemelex Xobeh.
  7551 | D:8      | Found an ornate altar of the Wu Jian Council.
  7551 | D:8      | Found a shattered altar of Ashenzari.
  7681 | D:7      | Received a gift from Trog
  7904 | D:7      | Found a shimmering altar of Xom.
  8002 | D:7      | Found Nycsek's Magic Scroll Shop.
  8044 | D:7      | Noticed a sea snake
  8047 | D:7      | Noticed an anaconda
  8053 | D:7      | Found a shimmering altar of Xom.
  8712 | D:9      | Noticed Psyche
  8779 | D:9      | Received a gift from Trog
  8933 | D:9      | Killed Psyche
  9597 | D:9      | Noticed Joseph
  9613 | D:9      | Killed Joseph
  9907 | D:9      | Found a staircase to the Lair.
  9968 | D:10     | Entered Level 10 of the Dungeon
 10001 | D:10     | Received a gift from Trog
 10144 | D:10     | Reached XP level 11. HP: 93/94 MP: 11/11
 10288 | D:10     | Reached skill level 5 in Dodging
 10333 | D:10     | Noticed Erolcha
 10485 | D:10     | Noticed a two-headed ogre
 10533 | D:10     | Reached skill level 5 in Armour
 10864 | D:10     | Killed Erolcha
 10898 | D:10     | Killed a two-headed ogre
 11156 | D:10     | Noticed Maurice
 11158 | D:10     | Paralysed by Maurice for 2 turns
 11195 | D:10     | Killed Maurice
 11468 | D:11     | Noticed an orange crystal statue
 11476 | D:11     | Noticed Fannar
 12183 | Lair:1   | Entered Level 1 of the Lair of Beasts
 12739 | Lair:1   | Found a frozen archway.
 13311 | Lair:2   | Noticed an eight-headed hydra
 13349 | Lair:2   | Killed an eight-headed hydra
 13510 | Lair:2   | Received a gift from Trog
 13568 | Lair:2   | Found a staircase to the Snake Pit.
 13614 | Lair:2   | Reached skill level 10 in Fighting
 13614 | Lair:2   | Reached XP level 12. HP: 106/106 MP: 12/12
 13654 | Lair:2   | Noticed Harold
 13668 | Lair:2   | Killed Harold
 14072 | Lair:2   | Found a snail-covered altar of Cheibriados.
 14539 | Lair:2   | Found a runed translucent door.
 14540 | Lair:2   | Found a shimmering altar of Xom.
 14540 | Lair:2   | Noticed spacetime's ghost (journeyman GrEE)
 14888 | Lair:3   | Found a staircase to the Shoals.
 15329 | Lair:3   | You fall through a shaft for 3 floors!
 15329 | Lair:6   | Entered Level 6 of the Lair of Beasts
 16386 | Lair:4   | You fall through a shaft!
 16414 | Lair:5   | Received a gift from Trog
 17879 | Lair:5   | HP: 7/165 [poisoned by a spiny frog]
 17882 | Lair:5   | HP: 3/110 [poisoned by a spiny frog]
 18324 | Lair:5   | Received a gift from Trog
 18325 | Lair:5   | HP: 6/165 [black mamba (3)]
 18329 | Lair:5   | HP: 2/165 [poisoned by a spiny frog]
 18628 | Lair:5   | Upgraded the game from 0.24-a0-159-gf1ee1cdb4e to
                  | 0.24-a0-163-g64c5a76fe2
 19140 | Lair:5   | Slain by a blink frog

Levels and vault maps discovered:
D:1:      dpeg_arrival_stonehenge_8_columns, layout_basic, wad_floor_pattern_2
D:2:      layout_basic, first_ration
D:3:      minmay_evil_eye, layout_loops_ring, overflow_temple_1_default,
          kennysheep_boxes
D:4:      layout_basic, kennysheep_little_box, minmay_temple_entry_hall,
          serial_shops, nicolae_shop_overgrown_old_shop, nicolae_shop_stone,
          nicolae_shop_overgrown_old_shop, hex_medium, uniq_edmund
D:5:      layout_loops_corners, lemuel_blue_sif_altar, goddamned_bats
D:6:      cheibrodos_barr_body, layout_loops_ring, serial_shops, shop_fountains,
          shop_fountains, nicolae_shop_overgrown_old_shop, nicolae_shop_trees,
          nrook_mini_vaults
D:7:      minmay_general_purpose_star, layout_basic, xom_shifter_show,
          serial_shops, shop
D:8:      minmay_inner_zag, layout_basic, kennysheep_mini,
          grunt_temple_overflow_open, serial_shops,
          nicolae_shop_overgrown_old_shop, minmay_holes
D:9:      layout_loops_cross, lair_entry_dummy, uniq_psyche, uniq_joseph
D:10:     layout_long_grid, hangedman_little_slice_of_home, uniq_maurice,
          uniq_erolcha
D:11:     minmay_separated_statues, layout_rooms,
          kennysheep_orc_monster_closet_entryway, serial_curves, eino_curves_04,
          eino_curves_03, eino_curves_04, uniq_fannar, uniq_grum, uniq_nergalle
Temple:   chequers_temple_sunken
Lair:1:   layout_hall_layers, portal_ice_cave_rime, gauntlet_entry_generic,
          chequers_serial_rivers_micro_a
Lair:2:   layout_cave_pods, minmay_snake_entry_six_corridors, basic_altar,
          ebering_ghost_xom, uniq_harold
Lair:3:   layout_misc_corridors, minmay_shoals_entry_centaurs
Lair:4:   layout_concentric_octagons
Lair:5:   layout_loops_ring, serial_bayou_shore_a
Lair:6:   minmay_lair_end_frog_pond, layout_long_grid,
          minmay_slime_entry_jelly_boxes, infiniplex_staircase_pool,
          uniq_josephine

Skill      XL: |  1  2  3  4  5  6  7  8  9 10 11 12 |
---------------+-------------------------------------+-----
Polearms       | 3 4 5 6 7 8 |  8.4
Armour         | 2 3 4 5 6 |  6.8
Dodging        | 2 3 4 5 6 |  6.8
Fighting       | 4 5 6 8 10 11 | 11.6
Short Blades   | 1 2 3 |  3.7
Bows           | 14 | 14.7

Action                   |  1- 3 |  4- 6 |  7- 9 | 10-12 || total
-------------------------+-------+-------+-------+-------++-------
Melee: Spear             |   162 |   225 |    66 |       ||   453
       Kick              |    18 |    36 |    28 |   127 ||   209
       Rapier            |       |       |    81 |    92 ||   173
       Trident           |       |       |       |   334 ||   334
 Fire: Shortbow          |       |       |    69 |   812 ||   881
Invok: Berserk           |       |     1 |       |     7 ||     8
       Trog's Hand       |       |       |       |     8 ||     8
Evoke: Wand              |       |       |       |     1 ||     1
  Use: Scroll            |     5 |     1 |    11 |    12 ||    29
       Potion            |       |       |     6 |     5 ||    11
  Eat: Chunk             |     2 |     6 |     8 |    31 ||    47
       Ration            |       |       |       |     3 ||     3
Armor: Leather armour    |    10 |       |       |       ||    10
       Ring mail         |    61 |   170 |    42 |   108 ||   381
       Skin              |       |       |    11 |       ||    11
       Chain mail        |       |       |       |   194 ||   194
Dodge: Dodged            |    57 |   132 |    54 |   260 ||   503

Table legend:
 A = Non-vault XP
 B = Vault XP
 C = Vault XP percentage of total XP
 D = Non-vault monster count
 E = Vault monster count
 F = Vault count percentage of total count
                 A         B        C        D         E       F
            +---------+---------+-------+---------+---------+-------
      Total |   25601 |    9285 |  26.6 |     266 |      83 |  23.8
            +---------+---------+-------+---------+---------+-------
        D:1 |      33 |       0 |   0.0 |      21 |       0 |   0.0
        D:2 |      56 |       0 |   0.0 |      26 |       0 |   0.0
        D:3 |      69 |     272 |  79.8 |      15 |       7 |  31.8
        D:4 |     158 |       0 |   0.0 |      12 |       0 |   0.0
        D:5 |     414 |     177 |  29.9 |      12 |      20 |  62.5
        D:6 |     668 |     351 |  34.4 |      13 |       8 |  38.1
        D:7 |    1076 |       0 |   0.0 |      19 |       0 |   0.0
        D:8 |    2769 |     438 |  13.7 |      36 |       4 |  10.0
        D:9 |    1223 |     909 |  42.6 |      12 |       2 |  14.3
       D:10 |    3473 |    1641 |  32.1 |      25 |      10 |  28.6
       D:11 |     828 |     121 |  12.8 |       7 |       1 |  12.5
     Lair:1 |    1870 |     754 |  28.7 |      10 |       2 |  16.7
     Lair:2 |    3436 |    1663 |  32.6 |      15 |      15 |  50.0
     Lair:3 |    2684 |     341 |  11.3 |      15 |       3 |  16.7
     Lair:4 |    2665 |       0 |   0.0 |      12 |       0 |   0.0
     Lair:5 |    4179 |    2618 |  38.5 |      16 |      11 |  40.7
            +---------+---------+-------+---------+---------+-------
